 Dungeon Crawl Stone Soup version 0.31.0-32-g396128a36d (webtiles) character file.

Game seed: 7000461621417123736

1269 Groucho the Digger (level 8, -4/39 HPs)
             Began as a Spriggan Earth Elementalist on Mar 31, 2024.
             Was an Initiate of Vehumet.
             Slain by a two-headed ogre
             ... wielding a +0 giant spiked club
              (23 damage)
             ... on level 6 of the Dungeon on Apr 1, 2024.
             The game lasted 00:17:17 (12051 turns).

Groucho the Digger (Spriggan Earth Elementalist)   Turns: 12051, Time: 00:17:18

Health: -4/39      AC:  2    Str:  4    XL:     8   Next: 28%
Magic:  16/16      EV: 18    Int: 18    God:    Vehumet [......]
Gold:   318        SH:  0    Dex: 16    Spells: 5/17 levels left

rFire   . . .        m - +2 dagger (elec)
rCold   . . .        (no shield)
rNeg    . . .        a - +0 robe
rPois   .            (helmet restricted)
rElec   .            (no cloak)
rCorr   .            (gloves unavailable)
SInv    +            (boots unavailable)
Will    ++...        (no amulet)
Stlth   +++          (no ring)
HPRegen 0.26/turn    (no ring)
MPRegen 0.15/turn

%: no passive effects
@: enlightened, flying, very quick
A: very small, no large weapons, unfitting armour, see invisible, speed 3
a: Renounce Religion


You were on level 6 of the Dungeon.
You worshipped Vehumet.
Vehumet was noncommittal.
You visited 2 branches of the dungeon, and saw 8 of its levels.

You collected 318 gold pieces.

Inventory:

Hand Weapons
 m - a +2 dagger of electrocution (weapon)
Missiles
 q - a throwing net
Armour
 a - a +0 robe (worn)
Wands
 p - a wand of roots (13)
Scrolls
 c - 7 scrolls of identify {unknown}
 e - 2 scrolls of fog {unknown}
 g - a scroll of noise {unknown}
 i - 4 scrolls of teleportation {unknown}
 j - a scroll of immolation {unknown}
 k - a scroll of fear {unknown}
 n - a scroll of blinking {unknown}
 o - 3 scrolls of torment {unknown}
 r - a scroll of amnesia {unknown}
 s - a scroll of vulnerability {unknown}
 t - 3 scrolls of acquirement {unknown}
Potions
 b - 3 potions of magic
 d - a potion of might
 h - a potion of berserk rage {unknown}
 l - a potion of heal wounds {unknown}


   Skills:
 + Level 1.9 Fighting
 + Level 2.4 Short Blades
 + Level 4.1 Dodging
 + Level 4.9 Stealth
 + Level 5.1 Spellcasting
 * Level 3.9 Conjurations
 * Level 5.8 Earth Magic
 + Level 0.6 Alchemy


You had 5 spell levels left.
You knew the following spells:

 Your Spells              Type           Power      Damage    Failure   Level
a - Sandblast             Erth           50%        2d12      1%          1
b - Stone Arrow           Conj/Erth      44%        3d9       5%          3
c - Brom's Barrelling Bo  Conj/Erth      22%        2d4       17%         4
d - Petrify               Alch/Erth      16%        N/A       34%         4

Your spell library contained the following spells:

 Spells                   Type           Power      Damage    Failure   Level
 Passwall                 Erth           25%        N/A       3%          3
 Foxfire                  Conj/Fire      44%        2x1d6     6%          1
 Slow                     Hex            16%        N/A       13%         1
 Lesser Beckoning         Tloc           8%         N/A       21%         2
 Confusing Touch          Hex            4%         N/A       36%         3
 Gell's Gravitas          Tloc           4%         N/A       36%         3
 Sigil of Binding         Hex            4%         N/A       36%         3
 Teleport Other           Tloc           4%         N/A       36%         3
 Vampiric Draining        Necr           4%         2d6       36%         3
 Plasma Beam              Fire/Air       2%         2x1d12    100%        6
 Starburst                Conj/Fire      5%         6d4       100%        6


Dungeon Overview and Level Annotations

Branches:
Dungeon (7/15)             Temple (1/1) D:5

Altars:
Cheibriados
Dithmenos
Fedhas
Gozag
Hepliaklqana
Kikubaaqudgha
Makhleb
Nemelex Xobeh
Qazlal
Sif Muna
Trog
Vehumet
Yredelemnul
The Shining One

Shops:
D:2 =   D:4 =


Innate Abilities, Weirdness & Mutations

You are very small and have problems with some larger weapons.
You are too small for most types of armour.
You have supernaturally acute eyesight. (SInv)
You cover ground extremely quickly. (Speed+++)


Message History

The stone arrow hits the howler monkey!
You kill the howler monkey!
Vehumet accepts your kill.
Unknown command.
You start resting.
HP restored.
You start resting.
Magic restored.
You climb downwards.
The orc wizard hits you with a +0 dagger.
The two-headed ogre closely misses you.
The two-headed ogre hits you with a +0 dire flail.
There is a stone staircase leading up, spattered with blood here.
The orc barely misses you. The iguana bites you.
The orc wizard hits you with a +0 dagger.
The two-headed ogre barely misses you. The two-headed ogre closely misses you.
You climb upwards.
There is a stone staircase leading down here.
Unknown command.
The orc wizard hits you with a +0 dagger.
The orc attacks as it pursues you! The orc closely misses you.
The orc wizard points at you and mumbles some strange words.
The magic dart hits you! The orc attacks as it pursues you!
The orc completely misses you.
The orc wizard gestures at you while chanting.
You are confused.
It was a potion of enlightenment.
You feel very buoyant.
You fly up into the air.
Unknown command.
Unknown command.
You bump into the rock wall.
The orc wizard mumbles some strange words.
The orc wizard flickers and vanishes for a moment.
You bump into the rock wall.
You feel less confused.
The two-headed ogre attacks as it pursues you!
The two-headed ogre hits you with a +0 giant spiked club!!
Ouch! That really hurt!
You die...

#....#####...#.....# ### #.####
##÷.#####.# ..## #.#
####...####.. ...## #.#
#...>†...###. ....# ##.#
#.Ol.#.#..... ....# #######..#
#)...#.#####.
....###.......#######....#.......
........########.O.loo........##.
........).......@####....##......
....############## #....#######.
....# #....# ## ....# #....#
...## #....# ..## ###### ###


You could see a two-headed ogre, an iguana, an orc wizard (invisible) and an
orc.

Vanquished Creatures
  A gargoyle (D:6)
  Menkaure (D:5)
  A sky beast (D:5)
  A bullfrog (D:7)
  2 scorpions
  3 howler monkeys (D:6)
  2 hounds
  An orc priest (D:4)
  2 bombardier beetles
  2 jellies (D:5)
  An orc wizard (D:4)
  2 iguanas
  3 gnolls (D:4)
  6 adders
  A white imp (D:7)
  2 ufetubi (D:6)
  5 dart slugs
  2 ribbon worms (D:2)
  13 orcs
  3 ball pythons
  5 endoplasms
  4 giant cockroaches
  6 hobgoblins
  4 kobolds
  4 quokkas
  4 bats
  5 frilled lizards
  2 frilled lizard zombies (D:3)
  7 goblins
  7 rats
102 creatures vanquished.

Notes
Turn   | Place    | Note
-------+----------+-------------------------------------------
     0 | D:1      | Groucho the Spriggan Earth Elementalist began the quest for
                  | the Orb.
     0 | D:1      | Reached XP level 1. HP: 9/9 MP: 5/5
   453 | D:1      | Reached XP level 2. HP: 13/13 MP: 3/6
  2131 | D:1      | Reached skill level 1 in Conjurations
  2131 | D:1      | Reached XP level 3. HP: 11/16 MP: 3/8
  2373 | D:1      | Learned a level 3 spell: Stone Arrow
  3258 | D:2      | Found Doxung's Jewellery Boutique.
  3757 | D:3      | Reached XP level 4. HP: 21/21 MP: 4/9
  4283 | D:3      | Found an ancient bone altar of Kikubaaqudgha.
  4799 | D:4      | Found Ysoofaucko's Jewellery Emporium.
  5004 | D:4      | Reached XP level 5. HP: 19/24 MP: 7/11
  5653 | D:4      | Reached XP level 6. HP: 28/28 MP: 10/13
  6530 | D:4      | Found a glowing golden altar of the Shining One.
  6531 | D:4      | Found a burning altar of Makhleb.
  6531 | D:4      | Found a radiant altar of Vehumet.
  6550 | D:4      | Became a worshipper of Vehumet
  6985 | D:5      | Entered Level 5 of the Dungeon
  7410 | D:6      | Noticed a sky beast
  7453 | D:5      | Killed a sky beast
  7454 | D:5      | Reached skill level 5 in Earth Magic
  7889 | D:5      | Reached skill level 1 in Short Blades
  8357 | D:5      | Reached XP level 7. HP: 32/32 MP: 14/14
  8359 | D:5      | Found a staircase to the Ecumenical Temple.
  8365 | Temple   | Entered the Ecumenical Temple
  8431 | D:5      | Learned a level 4 spell: Brom's Barrelling Boulder
  8436 | D:5      | Learned a level 4 spell: Petrify
  8627 | D:5      | Noticed Menkaure
  8633 | D:5      | Killed Menkaure
  8634 | D:5      | Reached skill level 1 in Fighting
  8904 | D:5      | Identified the +9 morningstar "Lekaosurch" {heavy, rElec
                  | Dex-3 SInv}
  8996 | D:6      | Noticed a gargoyle
  9458 | D:6      | Found the +7 great mace "Undeadhunter" {deathbane, rN+}
 10053 | D:6      | HP: 1/33 [gargoyle/stone arrow (32)]
 10917 | D:6      | Killed a gargoyle
 10918 | D:6      | Reached skill level 5 in Spellcasting
 10918 | D:6      | Reached XP level 8. HP: 38/38 MP: 6/16
 11538 | D:7      | Noticed a two-headed ogre
 12051 | D:6      | Slain by a two-headed ogre

Illustrated notes

Levels and vault maps discovered:
D:1:      nzn_arrival_water_spiral, layout_basic
D:2:      layout_rooms, serial_shops, nicolae_shop_hallway_plus,
          hangedman_decor_clover_reticule, grunt_ministairs_13, chequers_avenue,
          st_stairs_9, amcnicky_mini_pool_small
D:3:      layout_basic, lemuel_zombie_altar_kikubaaqudgha
D:4:      layout_basic, gammafunk_temple_overflow_forgotten, serial_shops,
          nicolae_shop_gaudy_bauble
D:5:      layout_basic, minmay_temple_entry_fiery, uniq_menkaure
D:6:      layout_rooms
D:7:      layout_cave_pools, feat_on_display
Temple:   zaba_magenta_temple

Skill      XL: |  1  2  3  4  5  6  7 |
---------------+----------------------+-----
Earth Magic    | 3 4 5 |  5.8
Spellcasting   | 3 4 5 |  5.1
Conjurations   | 1 2 3 |  3.9
Dodging        | 3 4 |  4.1
Short Blades   | 1 2 |  2.4
Fighting       | 1 |  1.9
Stealth        | 4 |  4.9
Alchemy        | |  0.6

Action                     |  1- 3 |  4- 6 |  7- 9 || total
---------------------------+-------+-------+-------++-------
  Melee: Dagger            |    25 |    16 |     1 ||    42
   Cast: Sandblast         |    68 |    80 |    35 ||   183
         Stone Arrow       |       |       |    16 ||    16
    Use: Potion            |       |     6 |     1 ||     7
   Stab: Sleeping          |     2 |     5 |     1 ||     8
 Armour: Robe              |    26 |    12 |    21 ||    59
  Dodge: Dodged            |    74 |    11 |    29 ||   114
